Match 41131796
Unlisted

Match 41131796
End
Selects Special Operations Battlegroup
Selects M29 Weasel Recon Vehicle
M29 Weasel Recon Vehicle
Construct Barracks
Riflemen Squad
Riflemen Squad
Grenade Package
M1 Mortar Team
Selects Smoke Screen
Smoke Screen
Riflemen Squad
Mechanized Support Center
Construct Motor Pool
M8 Greyhound Armored Car
Riflemen Squad
Designate Forward Repair Station
Smoke Screen
Selects SSF Commando Squad
SSF Commando Squad
M24 Chaffee Light Tank
Selects Mark Vehicle
Designate Forward Repair Station
M1918 Browning Automatic Rifles
Smoke Screen
SSF Commando Squad
Mark Vehicle
SSF Commando Squad
Smoke Screen
M3 75 mm Gun Motor Carriage
[TRTL]LittleDADDY96
돈이사라지는마술
Commander Z
Lyara
Victor #52
NoF^kingXiaoHaoZi
starlight
八佰
0
0

Comments sign in to comment!

No comments posted yet!